AoeStats
← Peace

MegaRandom

507919356Analyzed
2v2 RM · 13d ago on Sep 20, 2026· 43m 31s· 4 players
Game mode
Random Map
Map size
Medium (4 player)
Population
200
Speed
Normal
Resources
Standard
Victory
Conquest
Starting age
Dark Age
Ending age
Imperial Age
RankedLock teamsTeams togetherTeam positionsShared explorationLock speedFull tech treeHidden civsTurbo modeCheats
Victory
Defeat
🇦🇺 Celts · Australia
796
+17
🇦🇺 Franks · Australia
791
+17
🇬🇧 Italians · United Kingdom
871
-20
🇬🇧 Franks · United Kingdom
744
-14
Rowdy8
8:21 Feudal Age
6:39 Loom
8:25 Feudal Age
10:18 Double-Bit Axe
12:48 Gold Mining
15:07 Castle Age
15:13 Padded Archer Armor
15:37 Crossbowman
16:27 Fletching
17:27 Bodkin Arrow
19:23 Padded Archer Armor
22:10 Gold Shaft Mining
21:47 Bow Saw
24:57 Leather Archer Armor
27:53 Imperial Age
28:09 Wheelbarrow
29:21 Capped Ram
30:38 Siege Ram
32:25 Man-at-Arms
33:42 Hand Cart
33:26 Long Swordsman
35:13 Two-Handed Swordsman
37:15 Conscription
37:31 Champion
38:29 Elite Skirmisher
40:31 Stronghold
44:21 Furor Celtica
Peace
4:41 Loom
7:22 Feudal Age
9:18 Scale Barding Armor
9:24 Forging
9:46 Double-Bit Axe
12:50 Castle Age
14:24 Husbandry
15:01 Iron Casting
14:46 Chain Barding Armor
20:45 Bow Saw
29:15 Imperial Age
30:06 Wheelbarrow
29:17 Town Watch
30:39 Plate Barding Armor
31:05 Blast Furnace
29:29 Cavalier
31:17 Paladin
lambo319
8:41 Feudal Age
12:17 Wheelbarrow
11:28 Loom
18:53 Castle Age
17:24 Forging
17:20 Scale Barding Armor
20:33 Squires
19:53 Pikeman
20:38 Light Cavalry
21:57 Iron Casting
21:43 Chain Barding Armor
23:21 Husbandry
43:19 Imperial Age
41:04 Padded Archer Armor
theLamb42
6:54 Feudal Age
10:41 Double-Bit Axe
13:11 Castle Age
12:27 Padded Archer Armor
12:18 Fletching
15:36 Gold Mining
16:30 Horse Collar
16:50 Bodkin Arrow
17:10 Leather Archer Armor
22:32 Ballistics
23:06 Bow Saw
27:12 Imperial Age
25:20 Wheelbarrow
27:04 Murder Holes
28:04 Leather Archer Armor
29:44 Chemistry
35:55 Ring Archer Armor
35:25 Bracer
35:06 Pikeman
38:05 Squires
Connection lost

Rejoining the realm…

Still unreachable

The connection could not be restored.

Session expired

The server has moved on; the page needs a fresh start.